 Dungeon Crawl Stone Soup version 0.29-a0-825-g72347fce65 (webtiles) character file.

Game seed: 12010442461668834181

73 Riddle the Firebug (level 4, 0/32 HPs)
             Began as a Gnoll Fire Elementalist on July 11, 2022.
             Slain by Ijyb
             ... wielding a +0 dagger
              (6 damage)
             ... on level 3 of the Dungeon.
             The game lasted 00:04:34 (2439 turns).

Riddle the Firebug (Gnoll Fire Elementalist)        Turns: 2439, Time: 00:04:35

Health: 0/32       AC:  5    Str: 11    XL:     4   Next: 27%
Magic:  4/11       EV: 13    Int: 17    God:
Gold:   102        SH:  0    Dex: 12    Spells: 10/13 levels left

rFire   . . .      SeeInvis .   f - +1 whip (holy)
rCold   . . .      Faith    .   (no shield)
rNeg    . . .      Spirit   .   a - +0 robe
rPois   .          Reflect  .   (no helmet)
rElec   .          Harm     .   (no cloak)
rCorr   .          Rampage  .   (no gloves)
Will    .....                   o - +2 pair of boots of Xijid {Str+4}
Stlth   ++........              (no amulet)
HPRegen 0.10/turn               (no ring)
MPRegen 0.12/turn               (no ring)

@: no status effects
A: fangs 1, strong nose, distributed training
a: no special abilities


You were on level 3 of the Dungeon.
You visited 1 branch of the dungeon, and saw 3 of its levels.

You collected 102 gold pieces.

Inventory:

Hand Weapons
 f - a +1 whip of holy wrath (weapon)
Armour
 a - a +0 robe (worn)
 m - a +0 pair of boots
 o - the +2 pair of boots of Xijid (worn) {Str+4}
   (You found it on level 3 of the Dungeon)

   Str:       It affects your strength (+4).
Scrolls
 c - 2 scrolls of noise {unknown}
 d - a scroll of torment {unknown}
 e - 3 scrolls of magic mapping {unknown}
 h - a scroll of amnesia {unknown}
 j - a scroll of vulnerability {unknown}
 k - 2 scrolls of identify {unknown}
Potions
 b - 3 potions of magic
 g - 2 potions of curing {unknown}
 i - a potion of heal wounds {unknown}
 l - 2 potions of brilliance {unknown}
 n - a potion of invisibility {unknown}


   Skills:
 + Level 1.1 Fighting
 + Level 1.1 Short Blades
 + Level 1.1 Long Blades
 + Level 1.1 Axes
 + Level 1.1 Maces & Flails
 + Level 1.1 Polearms
 + Level 1.1 Staves
 + Level 1.1 Ranged Weapons
 + Level 1.1 Throwing
 + Level 1.1 Armour
 + Level 4.6 Dodging
 + Level 4.2 Stealth
 + Level 1.1 Shields
 + Level 1.1 Unarmed Combat
 + Level 5.1 Spellcasting
 + Level 2.2 Conjurations
 + Level 0.9 Hexes
 + Level 0.9 Summonings
 + Level 0.9 Necromancy
 + Level 0.9 Translocations
 + Level 0.9 Transmutations
 + Level 5.4 Fire Magic
 + Level 0.9 Ice Magic
 + Level 0.9 Air Magic
 + Level 0.9 Earth Magic
 + Level 0.9 Poison Magic
 + Level 1.2 Invocations
 + Level 1.1 Evocations


You had 10 spell levels left.
You knew the following spells:

 Your Spells              Type           Power      Damage    Failure   Level
a - Foxfire               Conj/Fire      68%        2x1d7     3%          1
b - Scorch                Fire           46%        2d7       2%          2

Your spell library contained the following spells:

 Spells                   Type           Power      Damage    Failure   Level
 Conjure Flame            Conj/Fire      17%        6-21      9%          3
 Inner Flame              Hex/Fire       15%        N/A       12%         3
 Ozocubu's Armour         Ice            7%         N/A       28%         3
 Flame Wave               Conj/Fire      17%        2d6       28%         4
 Ozocubu's Refrigeration  Ice            3%         4d5       100%        7


Dungeon Overview and Level Annotations

Branches:
Dungeon (3/15)

Altars:

Annotations:
D:3 Ijyb


Innate Abilities, Weirdness & Mutations

You have very sharp teeth.
Your uncanny sense of smell can sniff out nearby items.
Your experience applies equally to all skills.


Message History

You can't see any susceptible monsters within range! (Use Z to cast anyway.)
Casting: Foxfire (safe; 3% risk of failure)
Confirm with . or Enter, or press ? or * to list all spells.
You conjure some foxfire!
The foxfire hits Ijyb but does no damage.
Ijyb is heavily wounded.
The foxfire hits Ijyb but does no damage.
Ijyb is heavily wounded.
Casting: Foxfire (safe; 3% risk of failure)
Confirm with . or Enter, or press ? or * to list all spells.
Flames lash Ijyb.
Ijyb is severely wounded.
Ijyb's fire resistance burns away.
Ijyb hits you with a +0 dagger.
Casting: Scorch (safe; 2% risk of failure)
Confirm with . or Enter, or press ? or * to list all spells.
You conjure some foxfire!
Ijyb zaps a wand.
Your mind is blasted!
Ijyb is no longer more vulnerable to fire.
The foxfire hits Ijyb but does no damage.
Ijyb is severely wounded.
The foxfire hits Ijyb but does no damage.
Ijyb is severely wounded.
Ijyb barely misses you.
Unknown command.
Casting: Foxfire (safe; 3% risk of failure)
Confirm with . or Enter, or press ? or * to list all spells.
You conjure some foxfire!
Ijyb zaps a wand.
Your mind is blasted!
Ouch! That really hurt!
* * * LOW HITPOINT WARNING * * *
The foxfire hits Ijyb but does no damage.
Ijyb is severely wounded.
The foxfire hits Ijyb.
Ijyb is severely wounded.
Ijyb closely misses you.
Unknown command.
Unknown command.
Casting: Foxfire (safe; 3% risk of failure)
Confirm with . or Enter, or press ? or * to list all spells.
You conjure some foxfire!
Ijyb hits you with a +0 dagger.
You die...

..##.# #. #. #.##.#
.#.##.### # #.##.#
......... #.##.##.#######
..?....#.##..........†...
........#.####.##...#####
.........#.###.####.#
........v##....# #.#
.......g@#.###.# #.#
.#.....v#.## #.# #.#
........§## #.# #.#
...####### #.# #.# ## #.
#.# #. # ∆... #. #.# #.
#. #.


You could see Ijyb (ally target).

Vanquished Creatures
  Terence (D:2)
  An adder (D:3)
  An endoplasm (D:2)
  4 goblins
  A hobgoblin (D:1)
  7 jackals
  A quokka (D:1)
  7 ball pythons
  6 bats
  2 frilled lizards
  3 kobolds
  4 rats
38 creatures vanquished.

Vanquished Creatures (collateral kills)
  3 foxfires (D:1)
3 creatures vanquished.

Vanquished Creatures (others)
  98 foxfires
98 creatures vanquished.

Grand Total: 139 creatures vanquished

Notes
Turn   | Place    | Note
-------+----------+-------------------------------------------
     0 | D:1      | Riddle the Gnoll Fire Elementalist began the quest for the
                  | Orb.
     0 | D:1      | Reached XP level 1. HP: 13/13 MP: 6/6
    27 | D:1      | Reached XP level 2. HP: 14/19 MP: 1/7
   896 | D:1      | Found a faded altar of an unknown god.
   964 | D:1      | Reached skill level 5 in Spellcasting
   964 | D:1      | Reached XP level 3. HP: 25/25 MP: 3/9
  1699 | D:2      | Noticed Terence
  1710 | D:2      | Killed Terence
  1711 | D:2      | Reached skill level 1 in Fighting
  1711 | D:2      | Reached skill level 1 in Short Blades
  1711 | D:2      | Reached skill level 1 in Long Blades
  1711 | D:2      | Reached skill level 1 in Axes
  1711 | D:2      | Reached skill level 1 in Maces & Flails
  1711 | D:2      | Reached skill level 1 in Polearms
  1711 | D:2      | Reached skill level 1 in Staves
  1711 | D:2      | Reached skill level 1 in Ranged Weapons
  1711 | D:2      | Reached skill level 1 in Throwing
  1711 | D:2      | Reached skill level 1 in Armour
  1711 | D:2      | Reached skill level 1 in Shields
  1711 | D:2      | Reached skill level 1 in Unarmed Combat
  1711 | D:2      | Reached skill level 1 in Invocations
  1711 | D:2      | Reached skill level 1 in Evocations
  1711 | D:2      | Reached XP level 4. HP: 32/32 MP: 4/11
  2269 | D:3      | Identified the +2 pair of boots of Xijid {Str+4}
  2400 | D:3      | Learned a level 2 spell: Scorch
  2427 | D:3      | Noticed Ijyb
  2439 | D:3      | Slain by Ijyb

Illustrated notes

Levels and vault maps discovered:
D:1:      evilmike_arrival_crescent, layout_basic,
          hellmonk_ecumenical_altar_inner_sanctum, roderic_three_in_a_row,
          minmay_hedge_maze, st_stairs_8
D:2:      layout_basic, uniq_terence
D:3:      layout_loops_ring, lemuel_round_altar, uniq_ijyb

Skill      XL: |  1  2  3 |
---------------+----------+-----
Conjurations   | 2 |  2.2
Spellcasting   | 5 |  5.1
Fighting       | 1 |  1.1
Short Blades   | 1 |  1.1
Long Blades    | 1 |  1.1
Axes           | 1 |  1.1
Maces & Flails | 1 |  1.1
Polearms       | 1 |  1.1
Staves         | 1 |  1.1
Ranged Weapons | 1 |  1.1
Throwing       | 1 |  1.1
Armour         | 1 |  1.1
Shields        | 1 |  1.1
Unarmed Combat | 1 |  1.1
Invocations    | 1 |  1.2
Evocations     | 1 |  1.1
Dodging        | |  4.6
Stealth        | |  4.2
Hexes          | |  0.9
Summonings     | |  0.9
Necromancy     | |  0.9
Translocations | |  0.9
Transmutations | |  0.9
Fire Magic     | |  5.4
Ice Magic      | |  0.9
Air Magic      | |  0.9
Earth Magic    | |  0.9
Poison Magic   | |  0.9

Action                   |  1- 3 |  4- 6 || total
-------------------------+-------+-------++-------
 Cast: Foxfire           |    50 |    16 ||    66
       Scorch            |       |     1 ||     1
Armor: Robe              |     6 |       ||     6
Dodge: Dodged            |    16 |     2 ||    18

Table legend: (Time is in decaauts)
 A = Elapsed time spent in this place.
 B = Non-inter-level travel time spent in this place.
 C = Inter-level travel time spent in this place.
 D = Time resting spent in this place.
 E = Time spent auto-exploring this place.
 F = Levels seen in this place.
 G = Mean time per level.
                   A        B        C        D        E       F      G
               +--------+--------+--------+--------+--------+-----+--------+
         Total |   2438 |   2325 |    113 |      0 |   2073 |   3 |  812.7 |
       Dungeon |   2438 |   2325 |    113 |      0 |   2073 |   3 |  812.7 |
               +--------+--------+--------+--------+--------+-----+--------+

Top non-repeatable levels by time:
     D:1: 1223 daAuts
     D:2: 1028 daAuts
     D:3: 186 daAuts
